 Dungeon Crawl Stone Soup version 0.25-b1-46-gb8a1ec05df (webtiles) character file.

Game seed: 3461536604004842105

(classic levelgen) 1727565 EnegeticOcto the Slayer (level 22, 210/228 HPs)
             Began as a Minotaur Fighter on June 10, 2020.
             Was an Initiate of Gozag.
             Escaped with the Orb
             ... and 3 runes!
             The game lasted 00:47:14 (52873 turns).

EnegeticOcto the Slayer (Minotaur Fighter)         Turns: 52873, Time: 00:47:14

Health: 210/228    AC: 32    Str: 31    XL:     22   Next: 1%
Magic:  21/21      EV: 16    Int:  6    God:    Gozag
Gold:   3297       SH: 16    Dex:  9    Spells: 21/21 levels left

rFire    + + +     SeeInvis +   R - +5 broad axe (vorpal)
rCold    + + .     Gourm    .   G - +2 shield of Resistance {rF+ rC+ MR+}
rNeg     + . .     Faith    .   H - +7 plate armour {rF+}
rPois    +         Spirit   .   (helmet restricted)
rElec    +         Reflect  .   c - +4 dragonskin cloak
rCorr    .         Harm     .   E - +0 pair of gloves
MR       +++++     Clarity  +   p - +2 pair of boots
Stlth    ..........             X - amulet of the Four Winds {rN+ MR+++ Clar}
HPRegen  0.48/turn              K - ring of poison resistance
MPRegen  0.17/turn              u - ring of see invisible

@: no status effects
A: retaliatory headbutt, horns 2, berserk 1, deformed body, low mp 2
0: Orb of Zot
}: 3/15 runes: decaying, serpentine, abyssal
a: Potion Petition, Call Merchant, Bribe Branch, Renounce Religion


You escaped.
You worshipped Gozag.
Gozag was most pleased with you.
You were not hungry.

You visited 9 branches of the dungeon, and saw 47 of its levels.
You visited the Abyss 1 time.
You visited 1 bazaar.
You also visited: Bailey.

You collected 20866 gold pieces.
You spent 4660 gold pieces at shops.
You paid 12909 gold pieces to Gozag.

Inventory:

Hand Weapons
 a - the +5 war axe of Powerful Guile {freeze, MR++ Int-5}
   (You bought it in a shop on level 2 of the Orcish Mines)

   It has been specially enchanted to freeze those struck by it, causing extra
   injury to most foes and up to half again as much damage against particularly
   susceptible opponents.
   It can also slow down cold-blooded creatures.
   It affects your intelligence (-5).
   It affects your resistance to hostile enchantments.
 b - the +7 hand axe of Valiance {freeze, rElec rF+ Int+3}
   (You bought it in a shop on level 12 of the Dungeon)

   It has been specially enchanted to freeze those struck by it, causing extra
   injury to most foes and up to half again as much damage against particularly
   susceptible opponents.
   It can also slow down cold-blooded creatures.
   It affects your intelligence (+3).
   It protects you from fire.
   It insulates you from electricity.
 R - a +5 vorpal broad axe (weapon)
Missiles
 s - 4 throwing nets (quivered)
Armour
 c - the +4 dragonskin cloak (worn)
   (You took it off Tiamat on level 1 of the Realm of Zot)
 p - a +2 pair of boots (worn)
 E - a +0 pair of gloves (worn)
 G - the +2 shield of Resistance (worn) {rF+ rC+ MR+}
   (You found it on level 1 of the Vaults)

   It protects you from fire.
   It protects you from cold.
   It affects your resistance to hostile enchantments.
 H - a +7 plate armour of fire resistance (worn)
 P - a +2 cloak
Jewellery
 o - an uncursed amulet of guardian spirit
 u - a ring of see invisible (right hand)
 w - an uncursed ring of resist corrosion
 B - an uncursed ring of protection from fire
 K - a ring of poison resistance (left hand)
 L - an uncursed amulet of regeneration
 X - the amulet of the Four Winds (around neck) {rN+ MR+++ Clar}
   (You bought it in a shop on level 4 of the Snake Pit)

   [amulet of nothing]

   It protects you from negative energy.
   It affects your resistance to hostile enchantments.
   It protects you against confusion.
Wands
 x - a wand of polymorph (28)
 A - a wand of paralysis (20)
 D - a wand of iceblast (19)
 I - a wand of flame (17) {@v3}
 J - a wand of acid (32) {@v1}
 M - a wand of clouds (1)
 N - a wand of digging (11) {@v2}
Scrolls
 i - 12 scrolls of identify {@r1}
 l - 12 scrolls of teleportation {@r2}
 t - 15 scrolls of remove curse {@r6}
 v - 4 scrolls of fog
 y - 5 scrolls of blinking {@r3}
 z - 5 scrolls of fear
 F - 3 scrolls of holy word
 S - a scroll of vulnerability
Potions
 d - 4 potions of curing {@q1}
 f - 5 potions of lignification {@q7}
 g - 5 potions of cancellation
 j - 2 potions of stabbing {@q5}
 r - 2 potions of magic
 O - a potion of berserk rage
 V - 4 potions of mutation
 W - a potion of ambrosia
Miscellaneous
 C - a phial of floods (inert)
Comestibles
 e - 31 rations


   Skills:
 * Level 26.1 Fighting
 - Level 18.0 Axes
 + Level 19.8 Armour
 + Level 18.2 Dodging
 - Level 15.0 Shields
 - Level 8.0 Evocations


You had 21 spell levels left.
You didn't know any spells.
Your spell library contained the following spells:

 Spells                   Type           Power        Failure   Level  Hunger
 Animate Skeleton         Necr           N/A          89%         1    ##.....
 Apportation              Tloc           #.....       89%         1    ##.....
 Foxfire                  Conj/Fire      #...         89%         1    ##.....
 Magic Dart               Conj           #...         89%         1    ##.....
 Pain                     Necr           #...         89%         1    ##.....
 Sting                    Tmut/Pois      #...         89%         1    ##.....
 Summon Butterflies       Summ           #.......     89%         1    ##.....
 Blink                    Tloc           N/A          96%         2    ###....
 Call Imp                 Summ           #.......     96%         2    ###....
 Corpse Rot               Necr/Air       N/A          96%         2    ###....
 Poisonous Vapours        Pois/Air       #.....       96%         2    ###....
 Searing Ray              Conj           #.....       96%         2    ###....
 Slow                     Hex            #.......     96%         2    ###....
 Conjure Flame            Conj/Fire      #.......     99%         3    ####...
 Dazzling Flash           Conj/Hex       #.....       99%         3    ####...
 Ignite Poison            Fire/Tmut/Pois #.......     99%         3    ####...
 Inner Flame              Hex/Fire       #.......     99%         3    ####...
 Lesser Beckoning         Tloc           #.........   99%         3    ####...
 Mephitic Cloud           Conj/Pois/Air  #.......     99%         3    ####...
 Recall                   Summ/Tloc      N/A          99%         3    ####...
 Tukima's Dance           Hex            #.......     99%         3    ####...
 Vampiric Draining        Necr           #.........   99%         3    ####...
 Animate Dead             Necr           N/A          100%        4    #####..
 Fulminant Prism          Conj/Hex       #.........   100%        4    #####..
 Iskenderun's Mystic Bla  Conj/Tloc      #.......     100%        4    #####..
 Olgreb's Toxic Radiance  Pois           #.......     100%        4    #####..
 Sticky Flame             Conj/Fire      #.......     100%        4    #####..
 Agony                    Necr           #.......     100%        5    ######.
 Alistair's Intoxication  Tmut/Pois      #.......     100%        5    ######.
 Aura of Abjuration       Summ           #.........   100%        5    ######.
 Fireball                 Conj/Fire      #.........   100%        5    ######.
 Summon Demon             Summ           #.........   100%        5    ######.
 Summon Forest            Summ/Tloc      #.........   100%        5    ######.
 Summon Mana Viper        Hex/Summ       #.......     100%        5    ######.
 Invisibility             Hex            #.......     100%        6    #######
 Shadow Creatures         Summ           N/A          100%        6    #######


Dungeon Overview and Level Annotations

Branches:
Dungeon (15/15)            Temple (1/1) D:6            Lair (6/6) D:10
  Swamp (4/4) Lair:3        Snake (4/4) Lair:2        Slime (0/5) Lair:6
    Orc (2/2) D:11            Elf (0/3) Orc:2        Vaults (5/5) D:13
 Depths (5/5) D:15            Zot (5/5) Depths:5     Bailey (visited)
  Crypt: Vaults:2-3

Altars:
Ashenzari
Cheibriados
Dithmenos
Elyvilon
Fedhas
Gozag
Hepliaklqana
Kikubaaqudgha
Makhleb
Nemelex Xobeh
Okawaru
Qazlal
Ru
Sif Muna
Trog
Uskayaw
Vehumet
Wu Jian
Xom
Yredelemnul
Zin
The Shining One
Beogh
Lugonu

Shops:
D:12 *   Orc:2 !*(!(   Snake:1 ==}   Snake:3 =   Snake:4 ?%(=   Vaults:2 *
Vaults:3 ?(

Portals:
Hell: Depths:1 Depths:5

Annotations:
Lair:2 3 runed translucent doors, exclusion: hydra, Turgon's ghost, journeyman OpVM
Lair:4 exclusion: 2 oklob plants
Lair:6 exclusions: 2 oklob plants and 1 more exclusion
Snake:3 1 runed translucent door, Kicir's ghost, adept GnFi


Innate Abilities, Weirdness & Mutations

You reflexively headbutt those who attack you in melee.
You have a pair of horns on your head.
You tend to lose your temper in combat.
Armour fits poorly on your strangely shaped body.
Your magical capacity is very low. (-20% MP)


Message History

The shadow demon is severely wounded.
You block the shadow demon's attack.
You closely miss the shadow demon.
The shadow demon is severely wounded.
You slash the shadow demon!
You kill the shadow demon!
No target in view!
No target in view!
No target in view!
(D) Dungeon (T) Temple (L) Lair (S) Swamp (P) Snake Pit (M) Slime Pits (O) Orcish Mines (E) Elven Halls (V) Vaults (U) Depths (H) Hell (Z) Zot
Where to? (Enter - D:1 @ (x,y), ? - help)
You now have 3297 gold pieces (gained 8).
An Orb Guardian comes into view.
Unknown command.
You start to feel less resistant.
The Orb Guardian becomes distracted by your gold, dreaming of imaginary riches.
The Orb Guardian is no longer distracted by gold.
You see here a +2 dagger of flaming.
You hit the Orb Guardian but do no damage.
Your headbutt misses the Orb Guardian.
The Orb Guardian hits you but does no damage.
You slash the Orb Guardian! You headbutt the Orb Guardian!
The Orb Guardian is heavily wounded.
The Orb Guardian hits you!
An Orb Guardian comes into view.
You closely miss the Orb Guardian. You headbutt the Orb Guardian.
The Orb Guardian is heavily wounded.
The Orb Guardian hits you but does no damage.
You barely miss the Orb Guardian.
The Orb Guardian is heavily wounded.
Your resistance to elements expires.
You block the Orb Guardian's attack.
You slice the Orb Guardian!! Your headbutt misses the Orb Guardian.
The Orb Guardian is severely wounded.
You slice the Orb Guardian!!
The Orb Guardian hits you but does no damage.
You barely miss the Orb Guardian.
The Orb Guardian is severely wounded.
You slice the Orb Guardian!! You block the Orb Guardian's attack.
The Orb Guardian hits you but does no damage.
You hit the Orb Guardian but do no damage.
The Orb Guardian is severely wounded.
You slice the Orb Guardian!!
You kill the Orb Guardian!
You block the Orb Guardian's attack.
You slice the Orb Guardian!!
You kill the Orb Guardian!
You have reached level 22!
(D) Dungeon (T) Temple (L) Lair (S) Swamp (P) Snake Pit (M) Slime Pits (O) Orcish Mines (E) Elven Halls (V) Vaults (U) Depths (H) Hell (Z) Zot
Where to? (Enter - D:1 @ (x,y), ? - help)
An efreet comes into view.
It is wielding a +2 scimitar of flaming.
Unknown command.
Unknown command.
You see here 19 gold pieces.
You barely miss the efreet. You headbutt the efreet.
The efreet is lightly wounded.
You hit the efreet but do no damage. Your headbutt misses the efreet.
The efreet is lightly wounded.
The efreet gestures at you. The bolt of fire hits you. You resist.
You slice the efreet!!
The efreet is heavily wounded.
The efreet gestures at you.
The fireball explodes!
The fireball engulfs you. You resist.
The fireball engulfs the efreet.
The efreet completely resists.
You slice the efreet!!
You kill the efreet!
No target in view!
No target in view!
(D) Dungeon (T) Temple (L) Lair (S) Swamp (P) Snake Pit (M) Slime Pits (O) Orcish Mines (E) Elven Halls (V) Vaults (U) Depths (H) Hell (Z) Zot
Where to? (Enter - D:1 @ (x,y), ? - help)
A lich comes into view.
Unknown command.
Unknown command.
Unknown command.
Unknown command.
The lich moves out of view.
An Orb Guardian comes into view.
The Orb Guardian becomes distracted by your gold, dreaming of imaginary riches.
There is a stone staircase leading up here.
You climb upwards.
There is a stone staircase leading down here.
(D) Dungeon (T) Temple (L) Lair (S) Swamp (P) Snake Pit (M) Slime Pits (O) Orcish Mines (E) Elven Halls (V) Vaults (U) Depths (H) Hell (Z) Zot
Where to? (Enter - D:1 @ (x,y), ? - help)
There is a stone staircase leading up here.
You climb upwards.
There is a stone staircase leading down here. 2 sixfirhies, an orange demon and a cacodemon come into view.
There is a staircase leading out of the dungeon here.
Unknown command.
The orange demon screeches!
You have escaped!

###########
#.........##
#.##.......##
#.#.2.......###########
#4....∩................
#..3..3....#.##########
#.....@......# #...
#.....>......# #.##
##..⌠...⌠..#.#######.#
#.........#>......#.#
##.......######.....#
######### #.#.###
#######+#..#
#..........###
#.............


You could see a cacodemon, an orange demon and 2 sixfirhies.

Vanquished Creatures
  Tiamat (Zot:1)
  4 golden dragons
  A curse toe (Zot:1)
  the Enchantress (Depths:3)
  A pandemonium lord (D:4)
  Nikola (Vaults:1)
  A bone dragon (Depths:5)
  Rupert (Lair:5)
  A tentacled monstrosity (Zot:2)
  2 liches
  2 Orb Guardians (D:3)
  3 quicksilver dragons
  2 tentacled starspawn (Abyss:3)
  2 death cobs
  A sphinx (Vaults:1)
  A thorn hunter (Swamp:1)
  Kirke (Lair:6)
  4 draconian monks
  6 storm dragons
  6 fire giants
  Donald (Vaults:4)
  5 nagarajas
  6 frost giants
  2 tengu reavers
  4 draconian scorchers
  3 ghost moths
  A cacodemon (Depths:5)
  6 vault wardens
  An iron dragon (Depths:5)
  2 draconian annihilators
  10 ironheart preservers
  12 stone giants
  An entropy weaver (Vaults:4)
  6 very ugly things
  2 spriggan defenders (Depths:3)
  A vampire knight (Depths:2)
  7 black draconians
  6 green draconians
  6 yellow draconians
  Azrael (Snake:3)
  4 red draconians
  2 purple draconians
  3 white draconians
  A green death (D:15)
  A deep elf death mage (Vaults:4)
  3 fire dragons
  2 ettins
  2 jiangshi (Depths:3)
  Harold (Orc:1)
  9 ogre magi
  4 great orbs of eyes
  5 yaktaur captains
  9 ice dragons
  6 rakshasas
  4 vault guards
  A hell beast (D:5)
  4 shambling mangroves
  7 spriggan air magi
  3 catoblepae
  18 hydras
  10 naga warriors
  10 centaur warriors
  10 anacondas
  A satyr (shapeshifter) (Depths:5)
  8 death yaks
  19 two-headed ogres
  8 alligators
  4 deep troll shamans
  4 deep troll earth magi
  A tengu warrior (Depths:1)
  4 spriggan berserkers
  7 naga sharpshooters
  6 deep elf knights
  A vampire mage (Depths:3)
  3 wretched stars
  A sixfirhy (Depths:5)
  A salamander mystic (Snake:3)
  A spriggan druid (Swamp:4)
  3 shadow wraiths
  7 sea snakes (Snake:4)
  5 skeletal warriors (Vaults:1)
  10 deep trolls
  2 naga ritualists
  A flayed ghost (Vaults:1)
  An orange crystal statue (Snake:4)
  A shadow demon (D:3)
  A glowing orange brain (shapeshifter) (Vaults:2)
  9 wizards
  A lindwurm (Lair:6)
  6 swamp dragons (Swamp:4)
  2 glowing orange brains
  2 unseen horrors
  3 ironbrand convokers
  4 deep elf archers
  4 harpies (Vaults:2)
  16 orc knights
  2 necromancers
  A wolf spider zombie (D:14)
  4 manticores
  8 cyclopes
  30 ugly things
  13 deep elf magi
  8 mana vipers
  13 slime creatures
  8 orc sorcerers (Orc:2)
  8 moths of wrath
  6 salamanders
  2 wolf spiders (Vaults:2)
  9 guardian serpents
  7 vault sentinels
  Maurice (Orc:1)
  10 naga magi
  22 black mambas
  8 elephants
  2 torpor snails (Lair:6)
  3 centaur skeletons
  2 kobold demonologists
  16 spiny frogs
  9 komodo dragons
  2 efreet
  4 rime drakes
  2 komodo dragons (shapeshifter)
  20 yaktaurs
  5 freezing wraiths
  2 ice devils (Lair:2)
  A tengu conjurer (D:14)
  A tormentor (Abyss:4)
  11 trolls
  2 meliai (Lair:4)
  12 hornets
  A jumping spider (shapeshifter) (Depths:5)
  A wind drake (shapeshifter) (Vaults:1)
  7 tyrant leeches
  2 bog bodies
  A hornet (shapeshifter) (Depths:3)
  2 jumping spiders (Vaults:4)
  Grinder (D:3)
  10 blink frogs
  14 dream sheep
  9 hippogriffs
  An ettin skeleton (Vaults:2)
  A redback (shapeshifter) (Vaults:1)
  5 shadows
  5 spriggans
  2 hogs (Lair:6)
  4 wyverns
  2 vampires
  60 yaks
  2 water elementals (Depths:1)
  2 wraiths
  A human (shapeshifter) (Vaults:3)
  2 neqoxecs
  4 basilisks
  A hog (shapeshifter) (Depths:4)
  A yak (shapeshifter) (Vaults:2)
  3 fire elementals (Snake:3)
  Grum (Lair:1)
  2 golden eyes (D:5)
  27 vampire mosquitoes
  A chaos spawn (D:8)
  11 wargs
  2 steam dragons
  4 hungry ghosts
  A yaktaur simulacrum (Vaults:3)
  2 large abominations (Abyss:5)
  38 nagas
  2 swamp worms
  An acid dragon (shapeshifter) (Vaults:3)
  5 acid dragons
  6 insubstantial wisps (Swamp:1)
  A soldier ant (shapeshifter) (Depths:2)
  11 porcupines
  13 water moccasins
  4 hell hounds (Snake:3)
  2 sky beasts (D:14)
  20 orc warriors
  A black bear (shapeshifter) (Depths:1)
  4 black bears
  An eye of draining (D:12)
  2 phantoms
  7 boggarts
  10 swamp drakes
  2 necrophages
  23 ogres
  An orc zombie (Vaults:2)
  3 ice beasts
  30 centaurs
  19 wolves
  An elf skeleton (Vaults:2)
  17 crocodiles
  A human zombie (Vaults:2)
  5 big kobolds
  A glowing shapeshifter simulacrum (Vaults:1)
  A gnoll sergeant (D:9)
  18 bullfrogs
  2 wyvern zombies
  5 scorpions
  A small abomination (Abyss:4)
  35 killer bees
  An orc simulacrum (Vaults:1)
  15 wights
  An electric eel (Lair:5)
  8 crimson imps
  2 howler monkeys (D:11)
  7 centaur zombies
  4 human simulacra
  11 starcursed masses
  2 bullfrog zombies
  2 hounds
  3 bullfrog skeletons
  2 jellies
  A quasit (D:10)
  14 orc priests
  4 iguanas
  3 hell rats (Lair:3)
  13 worker ants
  41 orc wizards
  A hound skeleton (D:9)
  A worker ant zombie (D:11)
  A howler monkey skeleton (D:8)
  A howler monkey zombie (D:6)
  11 adders
  4 gnolls
  5 river rats (Lair:3)
  6 shadow imps
  An ooze (D:1)
  2 adder zombies
  2 worms
  2 dart slugs
  4 leopard geckos
  93 orcs
  14 bats
  4 giant cockroaches
  5 goblins
  3 hobgoblins
  5 jackals
  10 quokkas
  4 frilled lizards
  A jackal skeleton (D:8)
  2 jackal zombies
  26 kobolds
  A quokka skeleton (D:9)
  A quokka zombie (D:8)
  9 rats
  A butterfly (Lair:2)
  4 fungi
  A lurking horror (Abyss:5)
  6 plants
  2 starspawn tentacles (Abyss:3)
1500 creatures vanquished.

Vanquished Creatures (collateral kills)
  2 ancient liches (Zot:5)
  2 orbs of fire (Zot:5)
  2 Killer Klowns (Zot:5)
  2 electric golems (Zot:5)
  17 Orb Guardians (Zot:5)
  A quicksilver dragon (Zot:5)
  A storm dragon (Zot:5)
  An iron dragon (Depths:3)
  A draconian shifter (Zot:5)
  A spriggan defender (Depths:3)
  An ophan (Zot:5)
  A green draconian (Zot:5)
  2 yellow draconians (Zot:5)
  A deep troll shaman (Depths:3)
  A spriggan berserker (Depths:3)
  3 moths of wrath (Zot:5)
39 creatures vanquished.

Vanquished Creatures (others)
  2 orbs of fire (Zot:5)
  A tentacled monstrosity (Zot:5)
  5 Orb Guardians (Zot:5)
  2 draconian monks
  4 draconian knights
  A draconian scorcher (Zot:5)
  2 draconian annihilators
  4 black draconians
  A white draconian (Zot:5)
  2 purple draconians (Zot:5)
  2 red draconians (Zot:5)
  An ogre mage (Vaults:1)
  A sea snake (Snake:4)
  An orc warrior (Vaults:3)
  A boggart (Depths:1)
  5 fungi
  9 plants
  4 starspawn tentacles (Abyss:3)
48 creatures vanquished.

Grand Total: 1587 creatures vanquished

Notes
Turn   | Place    | Note
-------+----------+-------------------------------------------
     0 | D:1      | EnegeticOcto the Minotaur Fighter began the quest for the
                  | Orb.
     0 | D:1      | Reached XP level 1. HP: 19/19 MP: 0/0
    95 | D:1      | Reached XP level 2. HP: 21/27 MP: 1/1
   294 | D:1      | Reached skill level 4 in Fighting
   646 | D:1      | Reached XP level 3. HP: 33/33 MP: 2/2
   965 | D:2      | Found an ornate altar of the Wu Jian Council.
  1036 | D:2      | Reached skill level 1 in Dodging
  1450 | D:2      | Reached XP level 4. HP: 36/41 MP: 3/3
  2343 | D:3      | Noticed Grinder
  2351 | D:3      | Paralysed by Grinder for 7 turns
  2381 | D:3      | Paralysed by Grinder for 2 turns
  2389 | D:3      | Killed Grinder
  2389 | D:3      | Reached skill level 5 in Fighting
  2389 | D:3      | Reached XP level 5. HP: 22/48 MP: 4/4
  2389 | D:3      | Reached XP level 6. HP: 25/56 MP: 5/5
  3068 | D:4      | Reached skill level 5 in Axes
  3784 | D:4      | Reached skill level 6 in Fighting
  3784 | D:4      | Reached skill level 5 in Armour
  3784 | D:4      | Reached skill level 5 in Shields
  3784 | D:4      | Reached XP level 7. HP: 40/63 MP: 6/6
  4151 | D:5      | Entered Level 5 of the Dungeon
  4151 | D:5      | Noticed a wyvern
  4163 | D:5      | Killed a wyvern
  4561 | D:5      | Found a stormy altar of Qazlal.
  5000 | D:6      | Found a staircase to the Ecumenical Temple.
  5331 | D:6      | Reached skill level 7 in Fighting
  5335 | D:6      | Reached XP level 8. HP: 63/73 MP: 7/7
  5543 | D:6      | Found a blossoming altar of Fedhas.
  5543 | D:6      | Found a snail-covered altar of Cheibriados.
  5544 | D:6      | Found a hide-covered altar of Uskayaw.
  5947 | D:7      | Reached skill level 8 in Fighting
  6253 | Temple   | Entered the Ecumenical Temple
  6368 | Temple   | Became a worshipper of Gozag Ym Sagoz the Greedy
  6547 | D:7      | You fall into a shaft and drop 3 floors!
  6547 | D:10     | Entered Level 10 of the Dungeon
  6659 | D:9      | Reached XP level 9. HP: 82/82 MP: 8/8
  6676 | D:9      | Reached skill level 9 in Fighting
  6679 | D:9      | Reached skill level 5 in Dodging
  7454 | D:9      | Found a white marble altar of Elyvilon.
  7792 | D:8      | Found a sparkling altar of Nemelex Xobeh.
  7809 | D:8      | Reached skill level 10 in Fighting
  7809 | D:8      | Reached XP level 10. HP: 93/93 MP: 9/9
  7912 | D:8      | Noticed a manticore
  7924 | D:8      | Killed a manticore
  8311 | D:8      | Found a hazy altar of Hepliaklqana.
  8340 | D:8      | Reached skill level 10 in Axes
  9133 | D:7      | Found a glowing silver altar of Zin.
  9752 | D:10     | Found a staircase to the Lair.
  9837 | D:10     | Reached skill level 11 in Fighting
 10457 | D:10     | Reached skill level 1 in Evocations
 10730 | D:11     | Found a flagged portal.
 10739 | Bailey   | Entered a bailey
 10739 | Bailey   | Noticed an orc knight
 10739 | Bailey   | Noticed an orc knight
 11363 | Bailey   | Found the +9 sword of Zonguldrok {reap}
 11363 | Bailey   | Noticed an orc knight
 11395 | D:11     | Reached XP level 11. HP: 38/102 MP: 9/11
 12188 | D:11     | Killed an unseen horror
 12328 | D:11     | Found a staircase to the Orcish Mines.
 12810 | D:12     | Reached skill level 12 in Fighting
 12817 | D:12     | Bought a glimmering hand axe for 200 gold pieces
 12817 | D:12     | Bought a runed plate armour for 650 gold pieces
 12828 | D:12     | Identified the +7 hand axe of Valiance {freeze, rElec rF+
                  | Int+3} (You bought it in a shop on level 12 of the Dungeon)
 13031 | D:12     | Noticed a two-headed ogre
 13045 | D:12     | Killed a two-headed ogre
 13373 | D:12     | Identified the +7 hand axe "Xoydd" {vorpal, +Blink Str-3
                  | Int+8 Dex-5} (You found it on level 12 of the Dungeon)
 13442 | Lair:1   | Entered Level 1 of the Lair of Beasts
 13776 | Lair:1   | Noticed Grum
 13788 | Lair:1   | Killed Grum
 14255 | Lair:1   | Reached XP level 12. HP: 113/113 MP: 13/13
 14747 | Lair:2   | Noticed a minotaur
 14748 | Lair:2   | Noticed Turgon's ghost (journeyman OpVM)
 14748 | Lair:2   | Noticed a seven-headed hydra
 14776 | Lair:2   | Found a runed translucent gate.
 14776 | Lair:2   | Found a runed translucent gate.
 14776 | Lair:2   | Found a runed translucent gate.
 15106 | Lair:2   | Noticed a seven-headed hydra
 15428 | Lair:2   | Reached skill level 13 in Fighting
 15543 | Lair:2   | Found a staircase to the Snake Pit.
 15714 | Lair:2   | Reached skill level 10 in Shields
 16358 | Lair:3   | Noticed a catoblepas
 16369 | Lair:3   | Killed a catoblepas
 16369 | Lair:3   | Reached skill level 10 in Armour
 16594 | Lair:3   | Found a staircase to the Swamp.
 17960 | Lair:4   | Reached XP level 13. HP: 119/123 MP: 15/15
 18108 | Lair:4   | Reached skill level 14 in Fighting
 18374 | Lair:4   | Reached skill level 5 in Evocations
 20312 | Lair:5   | Noticed Rupert
 20332 | Lair:5   | Killed Rupert
 20818 | Lair:6   | Entered Level 6 of the Lair of Beasts
 20913 | Lair:6   | Reached skill level 15 in Fighting
 21031 | Lair:6   | Reached XP level 14. HP: 135/135 MP: 17/17
 21378 | Lair:6   | Reached skill level 10 in Dodging
 21393 | Lair:6   | Reached skill level 15 in Axes
 21552 | Lair:6   | Found the +7 Spriggan's Knife {stab, EV+4 Stlth+}
 21775 | Lair:6   | Found a staircase to the Slime Pits.
 21892 | Lair:6   | Noticed Kirke
 22155 | Lair:6   | Killed Kirke
 22528 | Orc:1    | Entered Level 1 of the Orcish Mines
 22560 | Orc:1    | Found a radiant altar of Vehumet.
 22566 | Orc:1    | Noticed Harold
 22584 | Orc:1    | Killed Harold
 22675 | Orc:1    | Noticed Maurice
 22724 | Orc:1    | Killed Maurice
 23227 | Orc:2    | Entered Level 2 of the Orcish Mines
 23235 | Orc:2    | Found a staircase to the Elven Halls.
 23319 | Orc:2    | Found Ydacirie's Distillery.
 23344 | Orc:2    | Paralysed by an orc sorcerer for 5 turns
 23393 | Orc:2    | Found Veesui's Assorted Antiques.
 23431 | Orc:2    | Found a roughly hewn altar of Beogh.
 23450 | Orc:2    | Found Raecvow's Distillery.
 23451 | Orc:2    | Found Xaor's Weapon Boutique.
 23464 | Orc:2    | Paralysed by an orc sorcerer for 6 turns
 23475 | Orc:2    | Paralysed by an orc sorcerer for 6 turns
 23610 | Orc:2    | Bought 2 potions of heal wounds for 120 gold pieces
 23744 | Orc:2    | Found a roughly hewn altar of Beogh.
 23814 | Orc:2    | Bought a potion of heal wounds for 60 gold pieces
 23814 | Orc:2    | Bought 2 potions of heal wounds for 120 gold pieces
 24169 | Orc:2    | Bought a broad axe for 108 gold pieces
 24174 | Orc:2    | Bought the +2 giant club of Ziqackix {flame, Str+4} for 284
                  | gold pieces
 24174 | Orc:2    | Bought the +5 war axe of Powerful Guile {freeze, MR++
                  | Int-5} for 362 gold pieces
 24174 | Orc:2    | Lost intelligence.
 24662 | D:13     | Reached skill level 16 in Fighting
 24917 | D:13     | Found a gate to the Vaults.
 25320 | D:13     | Reached XP level 15. HP: 144/144 MP: 19/19
 26596 | D:15     | Entered Level 15 of the Dungeon
 26646 | D:15     | Found a staircase to the Depths.
 26646 | D:15     | Noticed a fire giant
 26666 | D:15     | Killed a fire giant
 27632 | Snake:1  | Entered Level 1 of the Snake Pit
 28335 | Snake:1  | Found Rajat's Gadget Boutique.
 28335 | Snake:1  | Found Zet Huru's Jewellery Emporium.
 28336 | Snake:1  | Found Hokkis's Jewellery Emporium.
 28806 | Snake:2  | Noticed a nagaraja
 28817 | Snake:2  | Killed a nagaraja
 29414 | Snake:3  | Found a glowing silver altar of Zin.
 29427 | Snake:3  | Reached skill level 17 in Fighting
 29432 | Snake:3  | Noticed Azrael
 29451 | Snake:3  | Killed Azrael
 30078 | Snake:3  | Found Foumn's Jewellery Emporium.
 30228 | Snake:3  | Found a runed translucent door.
 30228 | Snake:3  | Found a shimmering altar of Xom.
 30228 | Snake:3  | Noticed Kicir's ghost (adept GnFi)
 30251 | Snake:4  | Entered Level 4 of the Snake Pit
 30254 | Snake:4  | Found Zuypt's Jewellery Shop.
 30315 | Snake:4  | Bought the amulet of the Four Winds {rN+ MR+++ Clar} for
                  | 570 gold pieces
 30315 | Snake:4  | Found the amulet of the Four Winds {rN+ MR+++ Clar}
 30376 | Snake:4  | Reached XP level 16. HP: 122/154 MP: 16/21
 30587 | Snake:4  | Found a gateway to a bazaar.
 30595 | Snake:4  | Lost intelligence.
 30610 | Bazaar   | Entered a bazaar
 30610 | Bazaar   | Found Arhelan's Food Boutique.
 30966 | Bazaar   | Found Nabb's Weapon Emporium.
 30977 | Bazaar   | Found Dinnan's Distillery.
 30980 | Bazaar   | Found Gehirr's Gadget Boutique.
 30982 | Bazaar   | Bought a potion of mutation for 88 gold pieces
 30982 | Bazaar   | Bought a potion of mutation for 88 gold pieces
 30986 | Bazaar   | Found Ynlistub's Weapon Shoppe.
 31003 | Bazaar   | Lost intelligence.
 31157 | Snake:4  | Found Qonietigh's Food Emporium.
 31231 | Snake:4  | Found Neces's Weapon Shop.
 32420 | Snake:4  | Reached skill level 18 in Fighting
 32858 | Snake:4  | Got a serpentine rune of Zot
 32943 | Snake:4  | Found Boxy's Magic Scroll Emporium.
 32951 | Snake:4  | Bought a scroll of acquirement for 884 gold pieces
 32953 | Snake:4  | Bought a scroll of summoning for 161 gold pieces
 32953 | Snake:4  | Bought a scroll of magic mapping for 59 gold pieces
 32953 | Snake:4  | Bought a scroll of enchant weapon for 127 gold pieces
 32953 | Snake:4  | Bought a scroll of enchant armour for 127 gold pieces
 32953 | Snake:4  | Bought a scroll of blinking for 127 gold pieces
 33072 | Swamp:1  | Entered Level 1 of the Swamp
 33081 | Swamp:1  | Noticed a thorn hunter
 33108 | Swamp:1  | Killed a thorn hunter
 34900 | Swamp:4  | Entered Level 4 of the Swamp
 34944 | Swamp:4  | Reached XP level 17. HP: 156/166 MP: 22/22
 35448 | Swamp:4  | Reached skill level 19 in Fighting
 35979 | Swamp:4  | Got a decaying rune of Zot
 36302 | Vaults:1 | Entered Level 1 of the Vaults
 37251 | Vaults:1 | Found the +2 shield of Resistance {rF+ rC+ MR+}
 38111 | Vaults:1 | Reached skill level 15 in Shields
 38222 | Vaults:1 | Reached skill level 15 in Armour
 38262 | Vaults:1 | Reached skill level 20 in Fighting
 38281 | Vaults:1 | Reached XP level 18. HP: 162/178 MP: 23/23
 38546 | Vaults:1 | Noticed Nikola
 38560 | Vaults:1 | Killed Nikola
 38974 | Vaults:2 | Found a shadowy altar of Dithmenos.
 39238 | Vaults:2 | Found Purphogo's Assorted Antiques.
 39293 | Vaults:2 | Bought a bound bronze ring for 245 gold pieces
 39293 | Vaults:2 | Identified the ring "Kaqefapp" {rN+ MP+9 Dex+5} (You bought
                  | it in a shop on level 2 of the Vaults)
 39746 | Vaults:3 | Reached skill level 21 in Fighting
 40448 | Vaults:3 | Found Titag's Weapon Shop.
 40954 | Vaults:3 | Found Owepem's Magic Scroll Shop.
 41463 | Vaults:3 | Reached XP level 19. HP: 182/191 MP: 24/24
 41494 | Vaults:3 | Reached skill level 15 in Dodging
 42021 | Vaults:3 | Reached skill level 22 in Fighting
 42119 | Vaults:3 | Bought a scroll of enchant weapon for 75 gold pieces
 42119 | Vaults:3 | Bought a scroll of enchant armour for 75 gold pieces
 42119 | Vaults:3 | Bought a scroll of fog for 20 gold pieces
 42119 | Vaults:3 | Bought a scroll of blinking for 75 gold pieces
 42119 | Vaults:3 | Bought a scroll of fear for 35 gold pieces
 42906 | Vaults:4 | Noticed Donald
 42919 | Vaults:4 | Killed Donald
 43091 | Vaults:5 | Entered Level 5 of the Vaults
 43097 | Vaults:5 | Cast into level 3 of the Abyss (vault guard)
 43099 | Abyss:3  | Gained mutation: Armour fits poorly on your strangely
                  | shaped body. [a neqoxec]
 43140 | Abyss:3  | Got an abyssal rune of Zot
 43140 | Abyss:3  | Paralysed by accursed screaming for 2 turns
 43186 | Abyss:4  | Gained mutation: Your magical capacity is extremely low.
                  | (-30% MP) [a neqoxec]
 43194 | Abyss:5  | Entered Level 5 of the Abyss
 43367 | Vaults:5 | Escaped the Abyss
 44062 | Vaults:3 | Reached skill level 23 in Fighting
 44449 | Depths:1 | Entered Level 1 of the Depths
 45131 | Depths:1 | Noticed a lich
 45382 | Depths:1 | Reached XP level 20. HP: 166/204 MP: 22/22
 45588 | Depths:1 | Found a gateway to Hell.
 46416 | Depths:2 | Found a corrupted altar of Lugonu.
 46422 | Depths:2 | Identified Lugonu's Reference Book on Evil Magic
 46928 | Depths:3 | Noticed the Enchantress
 47011 | Depths:3 | Killed the Enchantress
 47356 | Depths:4 | Reached skill level 24 in Fighting
 47375 | Depths:5 | Entered Level 5 of the Depths
 48081 | Depths:5 | Found a gate to the Realm of Zot.
 48081 | Depths:5 | Noticed a bone dragon
 48161 | Depths:5 | Noticed a golden dragon
 48165 | Depths:5 | Noticed a golden dragon
 48193 | Depths:5 | Killed a bone dragon
 48196 | Depths:5 | Killed a golden dragon
 48201 | Depths:5 | Killed a golden dragon
 48505 | Zot:1    | Entered Level 1 of the Realm of Zot
 48974 | Zot:2    | Reached XP level 21. HP: 139/215 MP: 23/23
 49999 | Zot:2    | Identified the +4 dragonskin cloak
 50000 | Zot:2    | Noticed Tiamat
 50000 | Zot:2    | Noticed a curse toe
 50030 | Zot:1    | Killed Tiamat
 50030 | Zot:1    | Reached skill level 25 in Fighting
 50180 | Zot:1    | Killed a curse toe
 51126 | Zot:5    | Entered Level 5 of the Realm of Zot
 51565 | Zot:5    | Noticed a golden dragon
 51573 | Zot:5    | Killed a golden dragon
 51912 | Zot:5    | Noticed a golden dragon
 51917 | Zot:5    | Noticed an ancient lich
 51920 | Zot:5    | Killed a golden dragon
 51921 | Zot:5    | Noticed an orb of fire
 51944 | Zot:5    | Noticed a Killer Klown
 51949 | Zot:5    | Noticed an orb of fire
 51949 | Zot:5    | Noticed an orb of fire
 51985 | Zot:5    | Killed a Killer Klown
 51989 | Zot:5    | Noticed an orb of fire
 51993 | Zot:5    | Killed an orb of fire
 52012 | Zot:5    | Killed an ancient lich
 52020 | Zot:5    | Noticed an ancient lich
 52027 | Zot:5    | Got the Orb of Zot
 52027 | Zot:5    | Noticed a golden dragon
 52030 | Zot:5    | Noticed a seraph
 52047 | Zot:5    | Killed an ancient lich
 52051 | Zot:5    | Noticed Booryhel the pandemonium lord
 52165 | Depths:5 | Gained mutation: Your magical capacity is very low. (-20%
                  | MP) [a cacodemon]
 52345 | Depths:2 | Gained mutation: You tend to lose your temper in combat. [a
                  | neqoxec]
 52376 | Depths:1 | Noticed Onkidew the pandemonium lord
 52713 | D:5      | Reached skill level 26 in Fighting
 52721 | D:5      | Noticed Som Ceux the pandemonium lord
 52742 | D:4      | Killed Som Ceux the pandemonium lord
 52810 | D:3      | Reached XP level 22. HP: 182/228 MP: 21/21
 52873 | D:$      | Escaped with the Orb!

Illustrated notes

Levels and vault maps discovered:
D:1:      wander_arrival_desolate, layout_basic
D:2:      layout_loops_corners, nicolae_overflow_hidden_temple
D:3:      layout_basic, first_ration, chequers_serial_rivers_room_b,
          uniq_grinder
D:4:      layout_basic
D:5:      layout_basic, grunt_qazlal_clouds, minmay_splitting_lines
D:6:      black_bear_nest_1, layout_loops_cross, gammafunk_temple_overflow_claw,
          minmay_temple_entry_from_below_b
D:7:      layout_loops_ring, zin_academy, the_bakery, hex_medium
D:8:      minmay_opposing_rooms, layout_basic,
          nemelex_xobeh_ov_fountains_minmay, lemuel_crystal_altar
D:9:      layout_big_octagon, elyvilon_altar_3
D:10:     layout_loops_ring, lair_entry_dummy
D:11:     layout_rooms, orc_0_dummy, enter_bailey_6
D:12:     layout_roguey
D:13:     layout_loops_corners, david_vaults_1
D:14:     layout_loops_corners, minivault_12
D:15:     grunt_enter_depths_giant_problem, layout_long_grid
Temple:   nicolae_temple_great_sept
Lair:1:   layout_gridlike, uniq_grum
Lair:2:   layout_chaotic_city, dummy_snake_entry, portal_ice_cave_demonic_guard,
          maelrawn_ghost_gauntlet_escape, beast_lair_carwin_7,
          lemuel_fruit_fields
Lair:3:   layout_hall_layers, swamp_mist, kennysheep_abandoned_house
Lair:4:   regret_index_harrowing_hell_hive, layout_gridlike, grunt_megastairs_5
Lair:5:   layout_regular_city, grunt_megastairs_2, serial_bayou_shore_a,
          uniq_rupert
Lair:6:   hangedman_lair_in_review, layout_small_grid, guppyfry_lair_end_dragon,
          minmay_slime_entry_oklob_open, chequers_serial_rivers_micro_c,
          uniq_kirke
Swamp:1:  layout_basic_swamp, serial_swamp_ruin, evilmike_swamp_ruin_house_6,
          evilmike_swamp_ruin_house_2, swamp_pool4
Swamp:2:  gammafunk_its_a_trap, layout_basic_swamp, evilmike_swamp_ruin_wall
Swamp:3:  layout_basic_swamp, evilmike_swamp_ruin_house_4,
          infiniplex_staircase_pool
Swamp:4:  swamp, layout_basic_swamp, swamp_pool1, hangedman_swamp_blocks,
          hangedman_swamp_dais
Snake:1:  layout_cave_pods, lemuel_fruit_tree, minmay_shop_grove,
          grunt_megastairs_3
Snake:2:  layout_misc_corridors, drop_trap
Snake:3:  layout_honeycomb, basic_altar, ebering_ghost_xom,
          minmay_shop_enchanted_jewellery, uniq_azrael
Snake:4:  grunt_snake_rune_pools, layout_onion_interference, serial_shops,
          statue_bzr, shop, nicolae_shop_statue_plus, shop, shop, st_stairs_5
Orc:1:    layout_diamond_mine, basic_altar, uniq_maurice, uniq_harold
Orc:2:    st_orc_town, layout_caves, basic_altar
Vaults:1: v_misc_30, vaults_dpeg_hooks, nicolae_vaults_arrows, v_misc_25,
          ontoclasm_vaults_spin, nicolae_vaults_yaktaur_gun_rack, v_misc_4,
          ontoclasm_vaults_shout, serial_ice_h, layout_vaults_omnicross,
          uniq_nikola
Vaults:2: minmay_crypt_entry_necro_gods, ontoclasm_vaults_claustrophobia,
          ontoclasm_vaults_eye, v_alt_pattern_3,
          hangedman_vaults_stretched_pinwheel, vaults_mumra_hexcomb,
          vaults_dpeg_cross, vaults_room_pools,
          vaults_mumra_minichess_inversion, vaults_dpeg_ring,
          layout_vaults_omnigrid, serial_shops, shop, basic_altar
Vaults:3: vaults_room_stairs_pillars, hangedman_vaults_slice, st_eye,
          nicolae_vaults_network_square, nicolae_vaults_puzzle_piece,
          nicolae_vaults_little_squares_2, v_misc_12,
          vaults_room_stairs_pillars, v_pattern_2, nicolae_vaults_big_ls,
          layout_vaults_omnibox, serial_shops, shop_scrolls, shop
Vaults:4: vaults_room_grunt_arrival_ludios, st_cross,
          nicolae_vaults_hallways_thing, layout_vaults_maze_bifur, uniq_donald
Vaults:5
Depths:1: layout_cave_shapes, hell_entry, serial_bayou_pond_b,
          hangedman_abyss_or_decor_stagger, grunt_ministairs_2,
          minmay_shattered_shrine
Depths:2: impenetrable_vault, layout_cave_shapes, skrybe_limestone_x,
          hell_entry, abyss_entry_crystal, tgw_lugonu_bribe,
          infiniplex_staircase_pillars_2
Depths:3: hangedman_box_tower, layout_basic, enter_ziggurat_c,
          minmay_misc_feat_more_columns, hell_entry, rand_demon_pan_entry_7,
          minmay_staircase_windowed_large, uniq_enchantress, uniq_sojobo
Depths:4: minmay_broken_ring, layout_honeycomb, abyss_entry, enter_trove_6,
          hangedman_geh_valley, abandoned_shop
Depths:5: evilmike_zot_entry_round, layout_basic, hell_entry,
          hangedman_decor_points, hex_large
Zot:1:    grunt_zot_stairs_overgrown, layout_basic
Zot:2:    layout_onion_interference, hangedman_zot_decor_unnerving_road,
          st_grand_hoard_of_tiamat
Zot:3:    layout_twisted_circle, st_stairs_12
Zot:4:    layout_onion_interference, st_single_dragon_hoard_1
Zot:5:    layout_twisted_circle, grunt_ministairs_6,
          hangedman_zot_decor_scrapings

Skill      XL: |  1  2  3  4  5  6  7  8  9 10 11 12 13 14 15 16 17 18 19 20 21 |
---------------+----------------------------------------------------------------+-----
Fighting       | 4 5 6 7 8 10 11 12 13 15 16 17 18 20 21 23 24 26 | 26.1
Axes           | 3 4 5 6 7 9 10 12 13 14 15 17 18 | 18.0
Armour         | 4 5 6 7 8 9 10 11 12 13 15 16 17 18 19 | 19.8
Dodging        | 1 2 3 4 5 6 7 8 9 10 11 12 13 14 16 17 18 | 18.2
Shields        | 4 5 6 7 8 9 10 11 12 13 14 15 | 15.0
Evocations     | 1 3 4 5 7 8 |  8.0

Action                   |  1- 3 |  4- 6 |  7- 9 | 10-12 | 13-15 | 16-18 | 19-21 | 22-24 || total
-------------------------+-------+-------+-------+-------+-------+-------+-------+-------++-------
Melee: War axe           |    86 |    95 |       |       |   490 |    14 |       |       ||   685
       Headbutt          |    12 |    17 |    60 |   198 |   319 |   345 |   306 |     1 ||  1258
       Hand axe          |       |    11 |   331 |   879 |   856 |   280 |       |       ||  2357
       Unarmed           |       |       |       |       |     9 |       |       |       ||     9
       Broad axe         |       |       |       |       |       |  1040 |  1116 |     4 ||  2160
Invok: Call Merchant     |       |       |       |     1 |     1 |       |       |       ||     2
       Potion Petition   |       |       |       |       |       |     1 |     6 |       ||     7
       Bribe Branch      |       |       |       |       |       |       |     3 |       ||     3
Evoke: Wand              |       |       |       |    11 |     5 |     4 |    30 |       ||    50
       Phial of floods   |       |       |       |       |     2 |     1 |     1 |       ||     4
       Phantom mirror    |       |       |       |       |       |       |     2 |       ||     2
  Use: Potion            |       |     3 |     1 |     2 |     2 |    12 |    22 |       ||    42
       Scroll            |       |     9 |     5 |    18 |    13 |    10 |    22 |       ||    77
 Stab: Distracted        |       |       |       |     4 |     5 |     4 |     8 |       ||    21
       Petrified         |       |       |       |       |     4 |       |       |       ||     4
       Petrifying        |       |       |       |       |     1 |       |       |       ||     1
       Paralysed         |       |       |       |       |       |       |    20 |       ||    20
       Invisible         |       |       |       |       |       |       |    19 |       ||    19
       Confused          |       |       |       |       |       |       |     4 |       ||     4
  Eat: Chunk             |     2 |     3 |     5 |       |       |       |       |       ||    10
       Ration            |       |     2 |     5 |    11 |    13 |    11 |    10 |       ||    52
Armor: Scale mail        |    36 |    39 |   121 |    28 |       |       |       |       ||   224
       Skin              |       |     2 |       |       |       |       |       |       ||     2
       Chain mail        |       |       |       |   158 |       |       |       |       ||   158
       Plate armour      |       |       |       |   129 |   512 |   612 |   397 |       ||  1650
Dodge: Dodged            |    32 |    35 |   110 |   240 |   318 |   438 |   368 |       ||  1541
Block: Kite shield       |    49 |    58 |   157 |   430 |   600 |   815 |   635 |       ||  2744
